 Dungeon Crawl Stone Soup version 0.30-a0-956-gcec3b41aec (webtiles) character file.

Game seed: 5572000530333980828

102 ragingrage the Gusty (level 4, -2/24 HPs)
             Began as a Tengu Air Elementalist on Mar 29, 2023.
             Slain by an ice beast (12 damage)
             ... on level 6 of the Dungeon.
             The game lasted 00:01:35 (2521 turns).

ragingrage the Gusty (Tengu Air Elementalist)       Turns: 2521, Time: 00:01:36

Health: -2/24      AC:  2    Str:  8    XL:     4   Next: 77%
Magic:  3/8        EV: 12    Int: 17    God:
Gold:   242        SH:  0    Dex: 15    Spells: 1/7 levels left

rFire   . . .      SeeInvis .    c - +2 dagger (elec)
rCold   . . .      Faith    .    (no shield)
rNeg    . . .      Spirit   .    a - +0 robe
rPois   .          Reflect  .    (helmet restricted)
rElec   .          Rampage  .    (no cloak)
rCorr   .                        (no gloves)
Will    .....                    (boots unavailable)
Stlth   ++                       (no amulet)
HPRegen 0.24/turn                (no ring)
MPRegen 0.11/turn                (no ring)

@: no status effects
A: beak, talons 3
a: no special abilities


You were on level 6 of the Dungeon.
You visited 1 branch of the dungeon, and saw 5 of its levels.

You collected 242 gold pieces.

Inventory:

Hand Weapons
 c - a +2 dagger of electrocution (weapon)
Armour
 a - a +0 robe (worn)
Jewellery
 k - a +5 ring of evasion
Wands
 j - a wand of mindburst (20)
Scrolls
 d - 2 scrolls of teleportation {unknown}
 f - a scroll of identify {unknown}
 h - a scroll of blinking {unknown}
 m - a scroll of enchant weapon {unknown}
Potions
 b - a potion of magic
 e - a potion of degeneration {unknown}
 g - a potion of heal wounds {unknown}
 i - a potion of might {unknown}
 l - a potion of lignification {unknown}
 n - a potion of curing {unknown}


   Skills:
 - Level 2.1 Dodging
 - Level 2.0 Stealth
 - Level 2.0 Spellcasting
 - Level 4.0 Conjurations
 + Level 5.9 Air Magic


You had one spell level left.
You knew the following spells:

 Your Spells              Type           Power      Damage    Failure   Level
a - Shock                 Conj/Air       72%        1d7       2%          1
b - Static Discharge      Conj/Air       36%        2-4/arc   3%          2
c - Swiftness             Air            21%        N/A       4%          3

Your spell library contained the following spells:

 Spells                   Type           Power      Damage    Failure   Level
 Airstrike                Air            10%        2d(2-18)  17%         4
 Summon Ice Beast         Ice/Summ       1%         N/A       88%         4
 Summon Mana Viper        Hex/Summ       1%         N/A       99%         5
 Monstrous Menagerie      Summ           0%         N/A       100%        7


Dungeon Overview and Level Annotations

Branches:
Dungeon (4/15)
 Temple: D:4-7

Altars:
The Shining One

Annotations:
D:2 Sigmund


Innate Abilities, Weirdness & Mutations

You have a beak for a mouth.
You have claws for feet.


Message History

You kill the goblin!
You can't see any susceptible monsters within range! (Use Z to cast anyway.)
You can't see any susceptible monsters within range! (Use Z to cast anyway.)
You now have 232 gold pieces (gained 18).
You now have 242 gold pieces (gained 10).
As you open the door, it creaks loudly!
You can't see any susceptible monsters within range! (Use Z to cast anyway.)
An orc comes into view. It is wielding a +0 whip.
There is an open door here.
The zap hits the orc.
An orc is nearby!
The zap hits the orc.
You kill the orc!
You open the door.
A sourceless malevolence fills the Dungeon...
You fall into a shaft and drop 2 floors!
The shaft crumbles and collapses.
You see here a +0 scale mail.
You see here a +0 scale mail.
A yak comes into view. x2
The yak moves out of view.
You see here a +0 scale mail.
An ice beast comes into view.
A sleepcap comes into view.
Aiming: Shock (safe; 2% risk of failure)
Aim: an ice beast (71% to hit)
The zap hits the ice beast.
Aiming: Shock (safe; 2% risk of failure)
The zap hits the ice beast. x2
Aiming: Shock (safe; 2% risk of failure)
The zap hits the ice beast. x2
The ice beast hits you. The ice beast freezes you!
Aiming: Shock (safe; 2% risk of failure)
The zap hits the ice beast.
The zap misses the ice beast.
The ice beast barely misses you.
Aiming: Shock (safe; 2% risk of failure)
The zap hits the ice beast. x2
The ice beast hits you. The ice beast freezes you!
Ouch! That really hurt!
You die...

#.# ..##.### #
..##.#.##.#
#.##....#.#
#.##......#
#.#.......#### #
##.#..........#
#.#..........##.#
#..@Y..##.....# #
###..#.##..####
#..#...Y.#
#..#.###.# #..#.#
#.. #..#.# .#f
#..#.. ... #.....


You could see an ice beast.

Vanquished Creatures
  Ijyb (D:3)
  An adder (D:2)
  2 worms (D:2)
  4 dart slugs
  An orc (D:4)
  5 ball pythons
  5 endoplasms
  2 giant cockroaches
  5 goblins
  5 hobgoblins
  3 quokkas
  4 bats
  4 frilled lizards
  6 kobolds
  A rat (D:1)
49 creatures vanquished.

Notes
Turn   | Place    | Note
-------+----------+-------------------------------------------
     0 | D:1      | ragingrage the Tengu Air Elementalist began the quest for
                  | the Orb.
     0 | D:1      | Reached XP level 1. HP: 10/10 MP: 4/4
   212 | D:1      | Reached XP level 2. HP: 15/15 MP: 1/6
   824 | D:2      | Reached XP level 3. HP: 12/19 MP: 2/7
   946 | D:2      | Found a glowing golden altar of the Shining One.
   960 | D:2      | Reached skill level 5 in Air Magic
   992 | D:2      | Learned a level 2 spell: Static Discharge
   996 | D:2      | Learned a level 3 spell: Swiftness
  1119 | D:2      | Noticed Sigmund
  1274 | D:3      | Noticed Ijyb
  1281 | D:3      | Killed Ijyb
  1282 | D:3      | Reached XP level 4. HP: 11/24 MP: 5/8
  2022 | D:2      | Found a faded altar of an unknown god.
  2485 | D:4      | You fall into a shaft and drop 2 floors!
  2496 | D:6      | Noticed a yak
  2496 | D:6      | Noticed a yak
  2509 | D:6      | Noticed an ice beast
  2521 | D:6      | Slain by an ice beast

Illustrated notes

Levels and vault maps discovered:
D:1:      dpeg_arrival_tiny_i, layout_loops_ring
D:2:      layout_basic, basic_altar, basic_ecumenical_altar, uniq_sigmund
D:3:      minmay_door_path, layout_loops_ring, kennysheep_flooded_box, uniq_ijyb
D:4:      layout_loops_corners, uniq_menkaure, uniq_edmund, uniq_natasha
D:6:      layout_loops_ring, lemuel_mausoleum_altar_yredelemnul,
          minmay_temple_entry_statues_pillars, uniq_prince_ribbit1

Skill      XL: |  1  2  3  4 |
---------------+-------------+-----
Conjurations   | 2 3 4 |  4.0
Air Magic      | 5 |  5.9
Dodging        | |  2.1
Stealth        | |  2.0
Spellcasting   | |  2.0

Action                     |  1- 3 |  4- 6 || total
---------------------------+-------+-------++-------
  Melee: Dagger            |    17 |     1 ||    18
         Punch             |     1 |       ||     1
         Kick              |     4 |       ||     4
         Peck              |     2 |       ||     2
   Cast: Shock             |    39 |    40 ||    79
 Armour: Robe              |     2 |     1 ||     3
  Dodge: Dodged            |    17 |     3 ||    20

Table legend: (Time is in decaauts)
 A = Elapsed time spent in this place.
 B = Non-inter-level travel time spent in this place.
 C = Inter-level travel time spent in this place.
 D = Time resting spent in this place.
 E = Time spent auto-exploring this place.
 F = Levels seen in this place.
 G = Mean time per level.
                   A        B        C        D        E       F      G
               +--------+--------+--------+--------+--------+-----+--------+
         Total |   2519 |   2334 |    185 |    159 |   1907 |   5 |  503.8 |
       Dungeon |   2519 |   2334 |    185 |    159 |   1907 |   5 |  503.8 |
               +--------+--------+--------+--------+--------+-----+--------+

Top non-repeatable levels by time:
     D:3: 1043 daAuts
     D:1: 813 daAuts
     D:2: 552 daAuts
     D:4: 74 daAuts
     D:6: 35 daAuts
